AoeStats
← mr_nvm

Nomad

510108045Analyzed
2v2 RM · 3d ago on Sep 29, 2026· 58m 55s· 4 players
Game mode
Random Map
Map size
176×176
Population
200
Speed
Normal
Resources
Standard
Victory
Conquest
Starting age
Dark Age
Ending age
Imperial Age
RankedLock teamsTeams togetherTeam positionsShared explorationLock speedFull tech treeHidden civsTurbo modeCheats
Victory
Defeat
🇨🇳 Mapuche · China
1358
+17
🇨🇳 Persians · China
1281
+20
🇩🇪 Varangians · Germany
1391
-19
🇩🇪 Persians · Germany
1370
-18
9LMB
14:08 Feudal Age
15:14 Loom
18:16 Castle Age
16:04 Double-Bit Axe
16:40 Fletching
17:44 Padded Archer Armor
18:12 Fishing Lines
18:58 Bodkin Arrow
19:44 Bow Saw
19:16 Horse Collar
22:02 Wheelbarrow
22:57 Ballistics
24:09 Town Watch
28:10 Champi Runner
29:02 Forging
28:56 Arson
29:14 Scale Mail Armor
29:38 Champi Warrior
32:05 Leather Archer Armor
38:55 Imperial Age
36:36 Gillnets
36:48 Gold Mining
38:28 Hand Cart
38:31 Malon
38:19 Pikeman
39:04 Elite Champi Warrior
39:20 Elite Bolas Rider
41:18 Iron Casting
41:48 Chemistry
41:19 Conscription
41:44 Chain Mail Armor
42:01 Butalmapu
42:59 Siege Engineers
42:23 Elite Champi Warrior
43:36 Ring Archer Armor
44:52 Plate Mail Armor
45:22 Blast Furnace
45:18 Heavy Plow
44:39 Halberdier
44:41 Elite Skirmisher
46:00 Town Patrol
开心华子
8:34 Loom
15:12 Feudal Age
16:12 Double-Bit Axe
18:41 Castle Age
17:05 Gold Mining
17:08 Stone Mining
18:42 Wheelbarrow
19:28 Scale Barding Armor
19:41 Bloodlines
20:34 Medium Warships
20:22 Fletching
20:25 Horse Collar
22:33 Bodkin Arrow
23:29 Bow Saw
28:31 Ballistics
33:06 Hand Cart
32:37 Town Watch
34:05 Heavy Plow
38:34 Imperial Age
39:56 Two-Man Saw
40:12 Chemistry
39:34 Chain Barding Armor
39:24 Forging
39:52 Heavy Warships
40:37 Padded Archer Armor
41:12 Plate Barding Armor
40:03 Cavalier
40:43 Husbandry
42:40 Gold Shaft Mining
42:40 Stone Shaft Mining
42:42 Guilds
43:35 Iron Casting
44:43 Savar
47:36 Blast Furnace
48:37 Leather Archer Armor
48:23 Scale Mail Armor
49:38 Crop Rotation
54:55 Ring Archer Armor
54:41 Chain Mail Armor
58:51 Coinage
58:22 Caravan
58:57 Plate Mail Armor
van jonsenheim
6:29 Loom
13:14 Feudal Age
14:01 Double-Bit Axe
16:19 Wheelbarrow
15:54 Fletching
19:49 Castle Age
18:19 Gold Mining
18:14 Fishing Lines
20:25 Gillnets
20:53 Medium Warships
20:59 Medium Warships
20:40 Gillnets
22:07 Bodkin Arrow
25:34 Guard Tower
28:44 Ballistics
28:46 Clinker Construction
29:33 Bow Saw
30:48 Careening
33:55 Hand Cart
33:28 Horse Collar
35:42 Heavy Plow
35:34 Stone Mining
36:37 Gambesons
37:58 Squires
38:01 Scale Mail Armor
38:11 Forging
39:28 Town Watch
42:58 Imperial Age
43:15 Elite Varangian Guard
44:11 Chain Mail Armor
43:40 Gothikon
45:44 Conscription
45:59 Plate Mail Armor
46:53 Conscription
46:30 Capped Ram
47:01 Elite Skirmisher
49:02 Iron Casting
48:27 Bracer
48:28 Padded Archer Armor
49:37 Chemistry
49:17 Town Patrol
48:39 Siege Ram
53:17 Blast Furnace
52:35 Leather Archer Armor
52:17 Murder Holes
52:32 Masonry
55:23 Architecture
mr_nvm
4:58 Loom
13:03 Feudal Age
17:21 Castle Age
17:40 Double-Bit Axe
22:15 Fletching
23:43 Horse Collar
28:11 Bodkin Arrow
29:50 Ballistics
32:35 Wheelbarrow
35:04 Imperial Age
36:31 Capped Ram
37:08 Gambesons
36:47 Man-at-Arms
38:32 Siege Ram
41:18 Conscription
40:22 Long Swordsman
41:03 Squires
41:05 Scale Mail Armor
41:21 Forging
41:21 Heavy Plow
41:38 Bow Saw
45:06 Chemistry
45:08 Scale Barding Armor
45:29 Padded Archer Armor
46:43 Hoardings
45:37 Elite Skirmisher
46:35 Leather Archer Armor
47:33 Crossbowman
48:24 Kamandaran
49:49 Ring Archer Armor
50:21 Masonry
53:58 Citadels
Connection lost

Rejoining the realm…

Still unreachable

The connection could not be restored.

Session expired

The server has moved on; the page needs a fresh start.